AoeStats
← VIT | Hera's Son

Arabian Desert

510240839Analyzed
1v1 RM · 1d ago on Sep 30, 2026· 29m 46s· 2 players
Game mode
Random Map
Map size
Tiny (2 player)
Population
200
Speed
Normal
Resources
Standard
Victory
Conquest
Starting age
Dark Age
Ending age
Imperial Age
RankedLock teamsTeams togetherTeam positionsShared explorationLock speedFull tech treeHidden civsTurbo modeCheats
Victory
Defeat
🇲🇽 Khitans · Mexico
1059
+15
🇬🇧 Malians · United Kingdom
1029
-15
djlovve
5:53 Loom
9:37 Feudal Age
10:09 Double-Bit Axe
10:31 Horse Collar
15:23 Wheelbarrow
17:51 Town Watch
22:02 Castle Age
23:00 Pikeman
VIT | Hera's Son
7:18 Loom
9:28 Feudal Age
10:17 Double-Bit Axe
10:13 Domestication
18:58 Scale Barding Armor
19:45 Forging
23:38 Wheelbarrow
26:40 Castle Age
26:47 Light Cavalry
27:48 Chain Barding Armor
27:55 Husbandry
Connection lost

Rejoining the realm…

Still unreachable

The connection could not be restored.

Session expired

The server has moved on; the page needs a fresh start.